 Dungeon Crawl Stone Soup version 0.30-a0-159-g068b764562 (webtiles) character file.

Game seed: 17264529436019924633

312 qw the Chopper (level 6, 0/38 HPs)
             Began as a Gargoyle Fighter on Sept 27, 2022.
             Slain by a wight
             ... wielding a +5 scimitar
              (8 damage)
             ... on level 4 of the Dungeon.
             The game lasted 00:01:11 (3417 turns).

qw the Chopper (Gargoyle Fighter)                   Turns: 3417, Time: 00:01:11

Health: 0/38       AC: 18    Str: 22    XL:     6   Next: 42%
Magic:  6/6        EV:  6    Int:  8    God:
Gold:   173        SH:  4    Dex:  9    Spells: 5/5 levels left

rFire   . . .      SeeInvis .    Y - +0 war axe
rCold   + . .      Faith    .    c - +0 buckler
rNeg    + . .      Spirit   .    w - +0 plate armour
rPois   inf        Reflect  .    r - +0 helmet
rElec   +          Harm     .    g - +0 cloak
rCorr   .          Rampage  .    (no gloves)
Will    .....                    (no boots)
Stlth   ..........               o - amulet of the acrobat
HPRegen 0.12/turn                l - ring of protection from cold
MPRegen 0.10/turn                (no ring)

@: no status effects
A: sickness immunity, AC +4, negative energy resistance 1, electricity
resistance, torment resistance 1, petrification resistance
a: no special abilities


You were on level 4 of the Dungeon.
You visited 1 branch of the dungeon, and saw 4 of its levels.

You collected 173 gold pieces.


Innate Abilities, Weirdness & Mutations

You are immune to sickness and miasma.
Your stone body is resilient. (AC +4)
You are immune to poison.
You resist negative energy. (rN+)
You are resistant to electric shocks. (rElec)
You are resistant to unholy torment.
You are immune to petrification.


   Skills:
 - Level 4.0 Fighting
 + Level 5.5 Axes
 - Level 1.0 Throwing
 - Level 3.2 Armour
 - Level 3.2 Shields


You had 5 spell levels left.
You didn't know any spells.
Your spell library was empty.

Inventory:

Hand Weapons
 a - a +0 flail
 Y - a +0 war axe (weapon)
Missiles
 i - a javelin (quivered)
Armour
 c - a +0 buckler (worn)
 g - a +0 cloak (worn)
 r - a +0 helmet (worn)
 w - a +0 plate armour (worn)
Jewellery
 l - a ring of protection from cold (left hand)
 o - an amulet of the acrobat (around neck)
Scrolls
 b - a scroll of brand weapon {unknown}
 e - 3 scrolls of identify
 u - a scroll of teleportation
Potions
 d - a potion of might
 f - a potion of resistance
 h - a potion of ambrosia {unknown}
 k - a potion of heal wounds
 m - a potion of lignification {unknown}
 n - a potion of degeneration {unknown}
 p - a potion of attraction
 q - a potion of magic {unknown}
 v - a potion of curing {unknown}

Dungeon Overview and Level Annotations

Branches:
Dungeon (4/15)
 Temple: D:4-7

Altars:
Cheibriados


Message History

The wight barely misses you.
Enter note: You slash the wight!
The wight is heavily damaged.
The wight hits you but does no damage.
You slash the wight!
You destroy the wight!
You barely miss the wight. The wight hits you but does no damage.
You hit the wight.
The wight is moderately damaged.
You block the wight's attack. The wight closely misses you.
You hit the wight but do no damage.
The wight is moderately damaged.
You hit the scorpion but do no damage. You hit the wight but do no damage.
You block the scorpion's attack. The wight barely misses you.
The wight hits you with a +0 scimitar.
You hit the wight.
The wight is heavily damaged.
You hit the wight but do no damage. You hit the scorpion.
You hit the wight but do no damage. The scorpion barely misses you.
The wight hits you with a +5 scimitar. The wight barely misses you.
You block the wight's attack. The scorpion stings you.
You closely miss the wight.
The wight is heavily damaged.
You barely miss the wight. x2; You barely miss the scorpion.
The scorpion stings you but does no damage.
The wight hits you but does no damage. You block the wight's attack.
The wight barely misses you. You block the scorpion's attack.
You slash the wight!
The wight is almost destroyed.
You closely miss the scorpion. You hit the wight but do no damage. x2
You block the wight's attack. The wight barely misses you.
The wight hits you with a +3 battleaxe of freezing!
The wight freezes you.
The scorpion stings you but does no damage.
The wight hits you with a +3 battleaxe of freezing.
The wight hits you with a +0 scimitar. The wight hits you with a +5 scimitar!
You die...

....(..........%....#.
##.#.####....[.##..>...
......................
...###.#..#...#...#..
#.##..#.#....###....
###..#.##.......####).
###......##...###..###..
........#...### #.#....
.###..z@#...# ##......
#<.zzs/.## ##.......
..............##........
#....$....##.....#......
...#....... .....##.....
###......... .........
........... .........
............. .........
.........


You could see a scorpion and 3 wights.

Vanquished Creatures
  An ogre (D:3)
  A wight (D:4)
  A mummy (D:3)
  Robin (D:2)
  3 adders
  A worm (D:2)
  A dart slug (D:1)
  15 orcs
  4 ball pythons
  8 bats
  9 endoplasms
  4 giant cockroaches
  14 goblins
  7 hobgoblins
  10 jackals (D:1)
  2 kobolds
  A quokka (D:2)
  4 frilled lizards
  5 rats
92 creatures vanquished.

Notes
Turn   | Place    | Note
-------+----------+-------------------------------------------
     0 | D:1      | qw the Gargoyle Fighter began the quest for the Orb.
     0 | D:1      | Reached XP level 1. HP: 14/14 MP: 1/1
     0 | D:1      | 0 ||| qw: Version: 0.2-a-10-g37ed214
     0 | D:1      | 0 ||| qw: Game counter: 543
     0 | D:1      | 0 ||| qw: Always use a shield: true
     0 | D:1      | 0 ||| qw: God list: Okawaru
     0 | D:1      | 0 ||| qw: Allow faded altars: false
     0 | D:1      | 0 ||| qw: Do Orc after D:15 true
     0 | D:1      | 0 ||| qw: Do second Lair branch before Depths: true
     0 | D:1      | 0 ||| qw: Lair rune preference: random
     0 | D:1      | 0 ||| qw: Plans: Normal, Zot:1-4, God:TSO, Crypt, Tomb,
                  | Pan, Slime:5, Hells, Abyss, Orb
     0 | D:1      | 0 ||| PLANNING D:1-11
    39 | D:1      | Reached skill level 2 in Axes
   232 | D:1      | Reached XP level 2. HP: 15/19 MP: 2/2
   294 | D:1      | 294 ||| Stepping ~*~*~tactically~*~*~ (stealth).
   340 | D:1      | 340 ||| Stepping ~*~*~tactically~*~*~ (stealth).
   341 | D:1      | 341 ||| Stepping ~*~*~tactically~*~*~ (stealth).
   342 | D:1      | 342 ||| Stepping ~*~*~tactically~*~*~ (stealth).
   423 | D:1      | Found a faded altar of an unknown god.
   588 | D:1      | Reached skill level 3 in Axes
   640 | D:1      | Reached XP level 3. HP: 23/23 MP: 3/3
   678 | D:1      | 678 ||| Stepping ~*~*~tactically~*~*~ (hiding).
   681 | D:1      | 681 ||| Stepping ~*~*~tactically~*~*~ (hiding).
   808 | D:1      | Reached skill level 1 in Throwing
   953 | D:1      | 953 ||| UPGRADING to +0 cloak.
   958 | D:1      | 958 ||| READING scroll labelled ZIENUO JUHEU.
  1014 | D:2      | 1014 ||| DROPPING +0 club.
  1569 | D:2      | 1569 ||| Stepping ~*~*~tactically~*~*~ (hiding).
  1573 | D:2      | Noticed Robin
  1582 | D:2      | Killed Robin
  1583 | D:2      | Reached XP level 4. HP: 18/28 MP: 4/4
  1586 | D:2      | 1586 ||| FLEEEEING.
  1749 | D:2      | 1749 ||| Stepping ~*~*~tactically~*~*~ (stealth).
  1753 | D:2      | 1753 ||| Stepping ~*~*~tactically~*~*~ (stealth).
  1756 | D:2      | Reached skill level 4 in Axes
  1951 | D:2      | 1951 ||| Stepping ~*~*~tactically~*~*~ (stealth).
  1953 | D:2      | 1953 ||| Stepping ~*~*~tactically~*~*~ (stealth).
  2169 | D:2      | 2169 ||| UPGRADING to +1 hat.
  2174 | D:2      | 2174 ||| UPGRADING to +0 helmet.
  2184 | D:2      | 2184 ||| DROPPING +1 hat.
  2185 | D:2      | 2185 ||| UPGRADING to ring of protection from cold.
  2186 | D:2      | 2186 ||| READING 2 scrolls labelled TEECKEU HAUSOENIA.
  2187 | D:2      | 2187 ||| READING scroll labelled EMNOLLIN UKH.
  2188 | D:2      | 2188 ||| READING scroll labelled QAGREA GEROKIU.
  2256 | D:3      | 2256 ||| Stepping ~*~*~tactically~*~*~ (stealth).
  2258 | D:3      | 2258 ||| Stepping ~*~*~tactically~*~*~ (stealth).
  2293 | D:3      | Noticed an ogre
  2295 | D:3      | 2295 ||| Stepping ~*~*~tactically~*~*~ (stealth).
  2306 | D:3      | Killed an ogre
  2307 | D:3      | Reached skill level 5 in Axes
  2307 | D:3      | Reached XP level 5. HP: 12/32 MP: 5/5
  2316 | D:3      | 2316 ||| Stepping ~*~*~tactically~*~*~ (stealth).
  2331 | D:3      | 2331 ||| FLEEEEING.
  2332 | D:3      | 2332 ||| FLEEEEING.
  2333 | D:3      | 2333 ||| FLEEEEING.
  2335 | D:3      | 2335 ||| FLEEEEING.
  2337 | D:3      | 2337 ||| STAIRDANCE
  2501 | D:2      | 2501 ||| UPGRADING to amulet of the acrobat.
  2506 | D:2      | 2506 ||| READING scroll labelled GEUTELIJEF.
  3044 | D:3      | 3044 ||| Stepping ~*~*~tactically~*~*~ (stealth).
  3046 | D:3      | 3046 ||| Stepping ~*~*~tactically~*~*~ (stealth).
  3048 | D:3      | 3048 ||| Stepping ~*~*~tactically~*~*~ (stealth).
  3060 | D:3      | Reached XP level 6. HP: 38/38 MP: 6/6
  3172 | D:3      | Found a snail-covered altar of Cheibriados.
  3191 | D:3      | 3191 ||| DROPPING +1 leather armour of fire resistance.
  3192 | D:3      | 3192 ||| UPGRADING to +0 plate armour.
  3202 | D:3      | 3202 ||| DROPPING +0 scale mail.
  3203 | D:3      | 3203 ||| READING scroll labelled BYAMUM TIREYM.
  3204 | D:3      | 3204 ||| READING scroll labelled YCECRY WESUN.
  3205 | D:3      | 3205 ||| DRINKING 2 glowing yellow potions.
  3206 | D:3      | 3206 ||| DRINKING 2 bubbling white potions.
  3207 | D:3      | 3207 ||| READING 2 scrolls of identify.
  3207 | D:3      | 3207 ||| IDENTIFYING fuming red potion
  3260 | D:4      | 3260 ||| FLEEEEING.
  3261 | D:4      | 3261 ||| STAIRDANCE
  3387 | D:4      | 3387 ||| Stepping ~*~*~tactically~*~*~ (stealth).
  3388 | D:4      | 3388 ||| Stepping ~*~*~tactically~*~*~ (stealth).
  3417 | D:4      | HP: 9/38 [wight/+3 battleaxe of freezing (3)]
  3417 | D:4      | Slain by a wight

Levels and vault maps discovered:
D:1:      dpeg_arrival_arbitrary_b, layout_basic,
          shapermc_ecumenical_altar_pompeii
D:2:      wad_crossroads, layout_basic, minmay_fractal_squares_gapless_5,
          uniq_robin
D:3:      layout_loops_ring, slow_altar_2, minmay_misc_feat_nine_boxes,
          corexii_hall_statues_l
D:4:      layout_rooms, gammafunk_temple_overflow_elements,
          grunt_decor_one_mirror, nicolae_take_the_stairs

Skill      XL: |  1  2  3  4  5  6 |
---------------+-------------------+-----
Axes           | 2 3 5 |  5.5
Throwing       | 1 |  1.0
Fighting       | 4 |  4.0
Armour         | |  3.2
Shields        | |  3.2

Action                   |  1- 3 |  4- 6 || total
-------------------------+-------+-------++-------
Melee: War axe           |   120 |   132 ||   252
Throw: Javelin           |    12 |    17 ||    29
  Use: Scroll            |     1 |     7 ||     8
       Potion            |       |     2 ||     2
Armor: Scale mail        |    74 |    48 ||   122
       Plate armour      |       |    17 ||    17
Dodge: Dodged            |    71 |    66 ||   137
Block: Buckler           |    27 |    25 ||    52

Table legend:
 A = Non-vault XP
 B = Vault XP
 C = Vault XP percentage of total XP
 D = Non-vault monster count
 E = Vault monster count
 F = Vault count percentage of total count
                 A         B        C        D         E       F
            +---------+---------+-------+---------+---------+-------
      Total |     363 |      83 |  18.6 |      70 |      22 |  23.9
            +---------+---------+-------+---------+---------+-------
        D:1 |      47 |       0 |   0.0 |      25 |       0 |   0.0
        D:2 |      41 |      65 |  61.3 |      15 |      21 |  58.3
        D:3 |     166 |      18 |   9.8 |      20 |       1 |   4.8
        D:4 |     109 |       0 |   0.0 |      10 |       0 |   0.0
            +---------+---------+-------+---------+---------+-------
